Map: Moonlight Madness LE (Void)

Players

ShadowPsi - Winner!

  • Race: Protoss Protoss
  • League: Silver

SticklerMac

  • Race: Zerg Zerg
  • League: Silver

VOD

Have the link to the VOD?

Description

Time

  • Played on: Sept. 13, 2015, 5:56 p.m.
  • Length: 23:41
Show
View Real Time Build Order
Export as new Build Order

ShadowPsi Protoss - Winner!

Build Orders: 1 Gate Expand 

Get SALT Encoding   

  12  0:03  Probe (Chrono Boost)  
  13  0:13  Probe (Chrono Boost)  
  14  0:20  Pylon  
  14  0:23  Probe (Chrono Boost)  
  15  0:37  Probe (Chrono Boost)  
  15  0:39  Gateway  
  16  0:50  Probe (Chrono Boost)  
  16  0:55  Assimilator  
  17  1:00  Probe (Chrono Boost)  
  18  1:10  Probe (Chrono Boost)  
  19  1:20  Probe (Chrono Boost)  
  20  1:31  Probe (Chrono Boost)  
  21  1:37  Nexus  
  21  1:43  Probe (Chrono Boost)  
  22  1:50  Cybernetics Core  
  22  1:52  Pylon  
  22  1:55  Probe (Chrono Boost)  
  23  2:06  Assimilator  
  23  2:10  Probe (Chrono Boost)  
  24  2:28  Pylon  
  24  2:30  Stalker  
  24  2:35  Mothership Core (Chrono Boost)  
  28  2:42  Pylon x2  
  28  2:49  Warp Gate  
  28  2:53  Probe (Chrono Boost)  
  29  3:00  Adept  
  31  3:23  Stargate  
  31  3:27  Probe x2 (Chrono Boost)  
  33  3:36  Adept  
  33  3:37  Probe (Chrono Boost)  
  36  3:42  Pylon  
  36  3:45  Probe (Chrono Boost), Pylon  
  37  3:49  Gateway  
  37  3:55  Probe (Chrono Boost), Pylon  
  38  4:08  Adept, Oracle (Chrono Boost)  
  43  4:12  Probe  
  43  4:13  Probe  
  45  4:21  Assimilator  
  45  4:24  Probe  
  45  4:27  Probe  
  47  4:35  Adept  
  47  4:36  Probe (Chrono Boost)  
  47  4:38  Probe (Chrono Boost)  
  50  4:40  Pylon  
  50  4:41  Assimilator  
  51  4:48  Probe (Chrono Boost)  
  51  4:49  Probe (Chrono Boost)  
  53  5:22  Oracle  
  53  5:30  Nexus  
  53  5:33  Pylon  
  53  5:36  Twilight Council  
  53  5:37  Stalker x2, Assimilator  
  53  5:41  Assimilator  
  57  5:45  Probe x2 (Chrono Boost)  
  59  5:52  Forge  
  59  5:55  Probe x2 (Chrono Boost)  
  59  5:56  Pylon  
  61  6:02  Adept  
  61  6:03  Adept  
  65  6:05  Probe x2 (Chrono Boost)  
  65  6:41  Mothership Core (Chrono Boost)  
  65  6:43  Stalker  
  65  6:44  Stalker  
  65  7:07  Phoenix (Chrono Boost)  
  57  7:23  Stalker x2  
  57  7:27  Photon Cannon  
  57  7:28  Phoenix (Chrono Boost)  
  61  7:31  Pylon  
  61  7:32  Photon Cannon  
  61  7:34  Photon Cannon  
  61  7:35  Photon Cannon  
  61  7:37  Photon Cannon  
  61  7:38  Photon Cannon  
  61  7:41  Pylon, Photon Cannon x2  
  61  7:49  Phoenix (Chrono Boost)  
  61  7:51  Stalker x2, Gateway, Probe  
  67  7:54  Gateway  
  68  8:00  Protoss Ground Weapons Level 1 (Chrono Boost)  
  68  8:01  Photon Cannon  
  68  8:02  Probe  
  68  8:04  Photon Cannon  
  69  8:07  Phoenix  
  69  8:08  Pylon  
  71  8:14  Probe  
  71  8:17  Probe  
  71  8:19  Probe  
  74  8:26  Probe  
  75  8:28  Phoenix  
  77  8:38  Probe  
  77  8:39  Stalker x2  
  82  8:50  Probe  
  82  8:54  Gateway  
  82  8:55  Pylon  
  85  8:56  Stalker x2  
  85  9:02  Probe  
  82  9:26  Stalker  
  82  9:27  Stalker x2  
  82  9:28  Stalker  
  88  9:31  Probe  
  88  9:33  Probe  
  88  9:34  Probe  
  91  9:39  Photon Cannon  
  91  9:41  Probe  
  92  9:45  Probe  
  77  10:03  Stalker x4  
  75  10:17  Photon Cannon  
  75  10:18  Pylon  
  75  10:21  Gateway  
  75  10:22  Gateway, Adept  
  73  10:31  Stalker x2  
  73  10:32  Stalker x2  
  81  10:44  Adept  
  81  10:49  Protoss Ground Armor Level 1 (Chrono Boost)  
  83  10:56  Photon Cannon  
  83  10:57  Adept x4  
  91  11:12  Probe  
  91  11:14  Probe  
  83  11:30  Stalker x5  
  69  11:42  Stalker x2, Mothership Core  
  69  11:43  Shield Upgrade (Chrono Boost)  
  75  11:51  Pylon  
  75  11:52  Photon Cannon  
  75  11:53  Photon Cannon  
  75  11:54  Stalker x4  
  75  11:55  Stalker  
  75  11:58  Photon Cannon  
  85  12:04  Forge  
  85  12:07  Stalker, Photon Cannon  
  87  12:09  Stalker  
  87  12:10  Photon Cannon  
  67  12:25  Adept x3  
  67  12:26  Adept x2  
  73  12:32  Mothership Core  
  73  12:33  Stalker  
  77  12:37  Stalker  
  79  12:47  Adept  
  79  12:48  Stalker, Adept  
  79  12:49  Stalker x2  
  89  12:55  Templar Archives, Protoss Ground Weapons Level 2 (Chrono Boost)  
  89  12:59  Adept  
  91  13:15  Stalker x5  
  101  13:20  Photon Cannon  
  101  13:26  Photon Cannon  
  101  13:30  Photon Cannon  
  101  13:39  Pylon  
  101  13:41  Adept x2  
  101  13:42  Adept x3  
  101  13:43  Adept  
  113  13:55  Adept  
  95  14:07  Stalker  
  95  14:08  Stalker x2  
  95  14:09  Stalker x2  
  101  14:18  Mothership Core  
  101  14:20  Stalker  
  105  14:32  Stalker x3  
  111  14:41  Stalker x2  
  62  15:21  High Templar  
  62  15:22  High Templar x6  
  62  15:24  Archon x3  
  76  15:44  Nexus  
  76  15:49  Pylon  
  76  15:52  Assimilator  
  76  15:55  Stalker x2  
  76  15:56  Stalker, Assimilator  
  82  15:57  Stalker  
  82  15:58  Stalker  
  82  15:59  Pylon  
  86  16:04  Stalker  
  86  16:05  Stalker  
  68  16:22  Stalker x3  
  68  16:23  Stalker  
  73  16:28  Stalker  
  73  16:40  Stalker x2  
  77  16:49  High Templar x3  
  77  16:50  High Templar  
  77  16:52  Archon  
  85  16:54  Archon  
  85  17:13  Stalker  
  85  17:14  Stalker x2  
  91  17:16  Protoss Ground Armor Level 2 (Chrono Boost)  
  91  17:35  High Templar  
  91  17:36  Photon Cannon  
  93  17:44  Adept  
  93  17:45  Adept x3  
  101  17:51  High Templar  
  95  18:17  High Templar x2  
  99  18:20  Archon  
  99  18:29  Photon Cannon  
  99  18:31  Photon Cannon  
  77  19:17  High Templar x5  
  71  19:20  Archon x2  
  73  19:41  High Templar  
  73  19:53  Adept x5  
  73  19:54  Adept  
  73  19:59  Protoss Shields Level 1 (Chrono Boost), Archon  
  85  20:16  High Templar  
  85  20:17  Charge  
  87  20:22  Zealot x3  
  87  20:23  Zealot x3  
  87  20:24  Nexus  
  87  20:26  Pylon, Assimilator  
  99  20:29  Assimilator  
  99  20:30  Pylon  
  99  21:09  High Templar x3  
  105  21:11  Archon  
  105  21:18  Psionic Storm  
  99  22:11  High Templar x4  
  99  22:13  Archon  
  99  22:14  Archon  
  107  23:10  High Templar x6  
  107  23:12  Archon  
  119  23:13  Archon  
  119  23:15  Archon  
Show
View Real Time Build Order
Export as new Build Order

SticklerMac Zerg 

Build Orders: Hatch First 

Get SALT Encoding   

  12  0:02  Drone  
  13  0:08  Drone  
  14  0:17  Overlord  
  14  0:35  Drone  
  14  0:37  Drone x2  
  17  0:49  Drone  
  18  0:58  Hatchery  
  18  1:01  Drone  
  18  1:04  Extractor  
  17  1:18  Drone, Spawning Pool  
  17  1:27  Drone  
  17  1:30  Drone  
  19  1:41  Drone  
  20  1:54  Drone  
  21  2:05  Metabolic Boost  
  21  2:09  Queen  
  21  2:10  Queen  
  21  2:11  Overlord  
  21  2:13  Zergling x2  
  26  2:17  Zergling x2  
  27  2:39  Overlord  
  27  2:43  Drone x3  
  30  3:01  Lair  
  30  3:12  Drone x4  
  34  3:13  Drone x2  
  36  3:25  Extractor  
  36  3:26  Hatchery  
  34  3:38  Drone x2  
  34  3:39  Overlord x2  
  34  3:40  Overlord  
  36  3:52  Overlord  
  36  4:02  Drone  
  37  4:03  Drone x6  
  37  4:06  Extractor  
  37  4:08  Extractor  
  41  4:12  Spire  
  41  4:15  Drone  
  41  4:19  Drone x2  
  43  4:27  Drone x3  
  43  4:28  Drone  
  43  4:30  Drone  
  49  4:31  Drone  
  49  4:34  Drone  
  50  4:40  Queen  
  50  4:43  Drone  
  53  4:49  Zergling x2  
  54  4:55  Drone x2  
  54  4:59  Drone x2  
  59  5:00  Drone x4  
  59  5:01  Drone  
  61  5:10  Spine Crawler  
  53  5:17  Spore Crawler  
  53  5:19  Spore Crawler  
  49  5:25  Drone x3  
  49  5:26  Spore Crawler, Drone x3  
  54  5:31  Spore Crawler  
  54  5:35  Spore Crawler, Drone  
  53  5:36  Drone  
  54  5:45  Drone x4  
  54  5:46  Drone  
  58  5:53  Mutalisk x2  
  62  5:58  Mutalisk  
  62  6:04  Mutalisk x2  
  67  6:14  Mutalisk x2  
  67  6:15  Mutalisk  
  73  6:28  Overlord x2  
  73  6:29  Overlord x2  
  57  6:56  Drone x6  
  57  6:57  Drone x6  
  57  6:58  Drone x3  
  57  6:59  Mutalisk x3  
  72  7:13  Drone x2  
  72  7:14  Drone x2  
  66  7:38  Drone x5  
  66  7:39  Drone x3  
  66  7:41  Mutalisk x3  
  80  7:46  Queen  
  84  7:55  Queen  
  84  7:57  Drone x3  
  87  8:07  Drone x2  
  87  8:08  Overlord  
  87  8:09  Overlord x3  
  89  8:22  Overlord x3  
  89  8:23  Overlord x2  
  87  8:34  Mutalisk x5  
  87  8:37  Corruptor  
  99  8:43  Corruptor  
  91  9:12  Mutalisk  
  93  9:25  Corruptor x2  
  93  9:26  Corruptor x4  
  93  9:31  Zergling x12  
  108  9:32  Zergling x8  
  115  9:48  Mutalisk x3  
  118  10:00  Zergling x2  
  118  10:01  Zergling x14  
  118  10:02  Zergling x6  
  126  10:07  Zergling x2  
  126  10:08  Zergling x4  
  129  10:16  Overlord x2  
  129  10:17  Overlord x3  
  114  10:41  Mutalisk x4  
  114  10:42  Mutalisk x2  
  123  10:45  Zergling x10  
  123  10:46  Zergling x4  
  132  10:55  Zergling x4  
  132  10:56  Zergling x2  
  135  11:02  Queen  
  137  11:05  Hatchery  
  137  11:08  Mutalisk x2  
  137  11:10  Mutalisk  
  142  11:12  Zergling x6  
  142  11:15  Zergling x12  
  126  11:39  Zergling x16  
  116  11:44  Mutalisk x3  
  122  11:48  Mutalisk  
  122  11:50  Zergling x6  
  127  12:06  Zergling x10  
  127  12:07  Zergling x6  
  112  12:25  Hatchery  
  112  12:27  Hatchery, Zergling x2  
  112  12:28  Zergling x14  
  112  12:29  Zergling x4  
  113  12:32  Zergling x2  
  113  12:33  Zergling x4  
  116  12:47  Zergling x2  
  116  12:48  Zergling x18  
  126  12:54  Zergling x12  
  126  12:55  Zergling x4  
  134  13:25  Mutalisk x4  
  134  13:26  Mutalisk x6  
  152  13:28  Zergling x2  
  152  13:29  Zergling x14  
  119  13:55  Mutalisk  
  119  13:56  Mutalisk x3  
  119  13:57  Zergling x2  
  119  13:58  Zergling x30  
  115  14:19  Zergling x18  
  115  14:20  Zergling x10  
  115  14:23  Zergling x12  
  135  14:25  Queen  
  135  14:27  Queen  
  139  14:39  Zergling x24  
  139  14:42  Mutalisk x2  
  139  14:44  Mutalisk x3  
  161  14:57  Zergling x2  
  161  14:58  Zergling x24  
  160  15:08  Zergling x2  
  160  15:09  Zergling x12  
  152  15:17  Zergling x2  
  152  15:18  Zergling x10  
  150  15:36  Zergling x2  
  150  15:37  Zergling x20  
  161  15:52  Extractor  
  161  15:55  Mutalisk x3  
  113  16:21  Zergling x2  
  113  16:22  Zergling x28  
  89  16:49  Mutalisk x4  
  89  16:50  Mutalisk x4  
  105  17:03  Extractor  
  105  17:05  Zergling x16, Extractor  
  105  17:06  Zergling x2  
  112  17:26  Drone x6  
  112  17:27  Drone  
  112  17:28  Mutalisk x2  
  123  17:32  Zergling x4  
  123  17:33  Zergling x2  
  126  17:45  Zergling x8  
  126  17:46  Zergling x10  
  132  18:00  Extractor  
  111  18:10  Zergling x10  
  111  18:11  Zergling x20  
  116  18:21  Mutalisk x2  
  116  18:22  Mutalisk x2  
  123  18:36  Mutalisk  
  123  18:37  Zergling x4  
  123  18:38  Zergling x12  
  123  18:39  Zergling x4  
  114  18:54  Zergling x2  
  114  18:55  Zergling x18  
  63  19:17  Mutalisk x2  
  63  19:19  Zergling x2  
  63  19:20  Zergling x14  
  66  19:45  Drone x6  
  71  19:46  Drone x4  
  76  20:02  Mutalisk x3  
  82  20:33  Mutalisk  
  84  20:36  Mutalisk  
  49  20:57  Mutalisk  
  49  20:59  Zergling x2  
  49  21:00  Zergling x34  
  69  21:08  Zergling x2  
  69  21:09  Zergling x2  
  69  21:10  Zergling x2  
  72  21:16  Mutalisk  
  74  21:25  Zergling x6  
  54  21:44  Zergling x2  
  54  21:45  Zergling x8  
  47  22:06  Zergling x2  
  47  22:07  Zergling x12  
  48  22:28  Mutalisk  
  48  22:29  Mutalisk x2  
  49  22:30  Mutalisk  
  48  22:51  Mutalisk  
  48  22:53  Zergling x8  
Tags
 
Add a new tag
Caveats
  • Supply blocks, unpowered buildings, or Contaminate may cause inaccurate times.
  • Supply counts are checked every 10 seconds.